 Dungeon Crawl Stone Soup version 0.32-a0-540-g866d13106e (webtiles) character file.

Game seed: 10095270663008383013

92 adelrune the Vexing (level 4, -6/33 HPs)
             Began as a Coglin Hexslinger on Feb 28, 2024.
             Mangled by an orc priest
             ... wielding a +0 flail
              (10 damage)
             ... on level 2 of the Dungeon.
             The game lasted 00:04:22 (1823 turns).

adelrune the Vexing (Coglin Hexslinger)             Turns: 1823, Time: 00:04:23

Health: -6/33      AC:  2    Str:  9    XL:     4   Next: 60%
Magic:  4/5        EV: 13    Int: 12    God:
Gold:   115        SH:  0    Dex: 18    Spells: 3/5 levels left

rFire   . . .        a - +1 sling {Yuxuan}
rCold   . . .        (no shield)
rNeg    . . .        c - +0 robe
rPois   .            (no helmet)
rElec   .            (no cloak)
rCorr   .            (no gloves)
SInv    .            (no boots)
Will    .....        (no amulet)
Stlth   ++           (ring unavailable)
HPRegen 0.25/turn    (ring unavailable)
MPRegen 0.09/turn

%: no passive effects
@: weak-willed, revved
A: off-hand wielding, slow wielding, warmup strikes, no rings
a: Convert to Beogh


You were on level 2 of the Dungeon.
You visited 1 branch of the dungeon, and saw 3 of its levels.

You collected 115 gold pieces.

Inventory:

Hand Weapons
 a - a +1 sling (weapon) {Yuxuan}
Armour
 c - a +0 robe (worn)
Scrolls
 b - a scroll of poison
 d - a scroll of noise {unknown}
 e - 3 scrolls of identify {unknown}
 g - a scroll of amnesia {unknown}
 h - a scroll of enchant armour {unknown}
 k - a scroll of immolation {unknown}
 l - a scroll of acquirement {unknown}
Potions
 f - a potion of lignification {unknown}
 i - 2 potions of heal wounds {unknown}
 j - a potion of might {unknown}
 m - 2 potions of degeneration {unknown}


   Skills:
 + Level 2.0 Fighting
 * Level 3.0 Ranged Weapons
 + Level 2.4 Dodging
 - Level 1.0 Spellcasting
 + Level 3.2 Hexes
 - Level 0.8 Fire Magic


You had 3 spell levels left.
You knew the following spells:

 Your Spells              Type           Power      Damage    Failure   Level
a - Jinxbite              Hex            16%        N/A       12%         2

Your spell library contained the following spells:

 Spells                   Type           Power      Damage    Failure   Level
 Sigil of Binding         Hex            8%         N/A       24%         3
 Inner Flame              Hex/Fire       5%         N/A       36%         3
 Cause Fear               Hex            4%         N/A       63%         4
 Dimensional Bullseye     Hex/Tloc       2%         N/A       83%         4


Dungeon Overview and Level Annotations

Branches:
Dungeon (3/15)

Altars:


Innate Abilities, Weirdness & Mutations

You can wield a second weapon in your off-hand.
It takes a long time for you to wield or remove held weapons.
Your first few attacks do less damage.
Your grasper-arms cannot wear rings.


Message History

You climb upwards.
The jinxing sprites lose interest in you.
There is a stone staircase leading down here.
You shoot a sling bullet.
The orc priest shouts, "Surrender to Beogh and we'll let you live!"
The sling bullet hits the orc priest but does no damage.
The orc priest is severely wounded.
The orc priest mumbles some strange prayers to Beogh against you.
Beogh smites you!
* * * LOW HITPOINT WARNING * * *
You shoot a sling bullet.
The sling bullet barely misses the orc priest.
The orc priest shouts, "Beogh offers mercy even to people such as you.
Join us and be reborn!"
The orc priest closely misses you.
The orc priest hits you with a +0 flail.
* * * LOW HITPOINT WARNING * * *
You shoot a sling bullet.
The sling bullet hits the orc priest but does no damage.
The orc priest is severely wounded.
The orc priest shouts, "Beogh offers mercy even to people such as you.
Join us and be reborn!"
The orc priest barely misses you.
You shoot a sling bullet. The sling bullet hits the orc priest.
The orc priest is severely wounded.
The orc priest barely misses you.
You shoot a sling bullet.
The sling bullet hits the orc priest but does no damage.
The orc priest is severely wounded.
The orc priest seems less drained.
The orc priest hits you with a +0 flail.
* * * LOW HITPOINT WARNING * * *
You shoot a sling bullet.
The sling bullet hits the orc priest but does no damage.
The orc priest is severely wounded.
The orc priest shouts, "Beogh offers mercy even to people such as you.
Join us and be reborn!"
The orc priest barely misses you. x2
You shoot a sling bullet.
The sling bullet hits the orc priest but does no damage.
The orc priest is severely wounded.
The orc priest hits you with a +0 flail!
You die...

.######..........# #...... .###
##########.##########.##### ...#
#.#............### ...#
#.#.########...... ...# #.#.#
#.#.### #.## #.#.## ##.#.# #.#
##########....######....# #.#
#........o).............# #.#
#.#.......@........#....##
#.#####.#.########..#######....##
..........# #..# ##.###.#
#.##......# #..# #.## ##.
#.........# #..######.# #.
####......# #.........## ##.
####......#########.#######.###.#
.....#...........................
####=####.#######.###############


You could see an orc priest.

Vanquished Creatures
  3 gnolls (D:2)
  An adder (D:2)
  3 ribbon worms (D:2)
  An endoplasm (D:1)
  3 goblins
  6 hobgoblins
  8 jackals
  A quokka (D:2)
  4 ball pythons (D:1)
  2 bats
  3 frilled lizards
  4 kobolds
  7 rats
46 creatures vanquished.

Notes
Turn   | Place    | Note
-------+----------+-------------------------------------------
     0 | D:1      | adelrune the Coglin Hexslinger began the quest for the Orb.
     0 | D:1      | Reached XP level 1. HP: 15/15 MP: 2/2
   217 | D:1      | Reached XP level 2. HP: 18/21 MP: 3/3
   724 | D:1      | Reached XP level 3. HP: 26/26 MP: 4/4
   836 | D:1      | Learned a level 2 spell: Jinxbite
  1247 | D:2      | Reached XP level 4. HP: 23/33 MP: 2/5
  1386 | D:2      | Identified the ring "Yrrer" {rC+ rN++ Int+6 Stlth-}
  1823 | D:2      | Mangled by an orc priest

Illustrated notes

Levels and vault maps discovered:
D:1:      dpeg_arrival_tiny_i, layout_basic
D:2:      layout_loops_ring, kennysheep_nub
D:3:      layout_rooms, makhleb_altar_promises_db

Skill      XL: |  1  2  3  4 |
---------------+-------------+-----
Ranged Weapons | 2 3 |  3.0
Dodging        | 2 |  2.4
Hexes          | 3 |  3.2
Fighting       | 2 |  2.0
Spellcasting   | |  1.0
Fire Magic     | |  0.8

Action                     |  1- 3 |  4- 6 || total
---------------------------+-------+-------++-------
   Fire: Sling             |   121 |    51 ||   172
   Cast: Jinxbite          |     5 |     3 ||     8
 Armour: Robe              |    31 |    20 ||    51
  Dodge: Dodged            |    59 |    35 ||    94

Table legend: (Time is in decaauts)
 A = Elapsed time spent in this place.
 B = Non-inter-level travel time spent in this place.
 C = Inter-level travel time spent in this place.
 D = Time resting spent in this place.
 E = Time spent auto-exploring this place.
 F = Levels seen in this place.
 G = Mean time per level.
                   A        B        C        D        E       F      G
               +--------+--------+--------+--------+--------+-----+--------+
         Total |   1872 |   1856 |     16 |    287 |   1230 |   3 |  624.0 |
       Dungeon |   1872 |   1856 |     16 |    287 |   1230 |   3 |  624.0 |
               +--------+--------+--------+--------+--------+-----+--------+

Top non-repeatable levels by time:
     D:2: 977 daAuts
     D:1: 884 daAuts
     D:3: 11 daAuts
